[Event "Titled Tuesday Blitz November 14 Early 2023"]
[White "Krivonosov, Oleg"]
[Black "Cristi_Coca"]
[WhiteFideId "11600349"]
[WhiteElo "2688"]
[BlackElo "2514"]
[Result "1-0"]
[Round "11"]
[TimeControl "180+1"]
[Date "2023.11.14"]
[WhiteClock "0:01:48"]
[BlackClock "0:00:46"]
[Board "73"]

1. Nf3 Nf6 2. c4 g6 3. Nc3 Bg7 4. e4 d6 5. d4 O-O 6. Be2 Nbd7 7. O-O e5 8. Re1 Qe7 9. Bf1 c6 10. h3 h6 11. Be3 Re8 12. Qd2 Kh7 13. Rad1 Nh5 14. dxe5 Nxe5 15. Nxe5 Bxe5 16. f4 Bxc3 17. Qxc3 Ng3 18. Bf2 Nxe4 19. Rxe4 Qxe4 20. Re1 Bf5 21. Rxe4 Rxe4 22. Qf6 Be6 23. Bd4 Rg8 24. Kf2 d5 25. Bd3 Rxd4 26. Qxd4 Rd8 27. c5 Re8 28. g4 Bd7 29. f5 1-0


[Site "https://www.chess.com"]

[Event "Titled Tuesday Blitz November 14 Early 2023"]
[White "Kanyamarala, Tarun"]
[Black "Djokic, Mihailo"]
[WhiteFideId "45004714"]
[BlackFideId "976440"]
[WhiteElo "2509"]
[BlackElo "2681"]
[Result "0-1"]
[Round "11"]
[TimeControl "180+1"]
[Date "2023.11.14"]
[WhiteClock "0:00:03"]
[BlackClock "0:00:16"]
[Board "74"]

1. d4 Nf6 2. c4 g6 3. Nc3 Bg7 4. e4 O-O 5. e5 Ne8 6. Nf3 d6 7. exd6 exd6 8. Be2 Nf6 9. h3 Re8 10. O-O Bf5 11. Nh4 Bd7 12. Bd3 Nc6 13. Nf3 Nb4 14. Bb1 c5 15. d5 Qc8 16. Bf4 Bf8 17. Nd2 Bf5 18. a3 Nd3 19. Bxd3 Bxd3 20. Re1 Qf5 21. Qf3 g5 22. Bg3 Qxf3 23. Nxf3 Bxc4 24. Nxg5 Nxd5 25. Nce4 f5 26. Nxd6 Bxd6 27. Bxd6 Rad8 28. Bxc5 b6 29. Bd4 Nf4 30. Bf6 Rc8 31. Nf3 Nd3 32. Red1 Rc6 33. Bc3 Nf4 34. Kh2 Rg6 35. Nh4 Rg5 36. Bf6 Rh5 37. Rd7 Bf7 38. Rg1 Nd5 39. g4 fxg4 40. Rxg4+ Bg6 41. Nxg6 Nxf6 42. Ne7+ Kf7 43. Rf4 Rxe7 44. Rxe7+ Kxe7 45. Ra4 a5 46. b4 Nd7 47. bxa5 Rxa5 48. Rxa5 bxa5 49. Kg3 Kd6 50. Kf4 Kd5 51. Kg5 a4 52. Kh6 Ke4 53. Kxh7 Kf5 54. Kg7 Kg5 55. Kf7 Ne5+ 56. Ke6 Nc4 57. Kd5 Nxa3 58. Kd4 Kf4 59. Kc3 Nb5+ 60. Kb2 Kf3 61. Ka2 Ke4 62. Kb2 Kd4 63. h4 Ke5 64. Kc2 Kf4 65. Kd3 Kg4 66. f4 Kxf4 67. Kc4 a3 68. Kb3 Kg4 0-1


[Site "https://www.chess.com"]

[Event "Titled Tuesday Blitz November 14 Early 2023"]
[White "Raahul V S"]
[Black "Rietze, Clemens, Dr."]
[WhiteFideId "25035525"]
[BlackFideId "24620351"]
[WhiteElo "2661"]
[BlackElo "2509"]
[Result "1-0"]
[Round "11"]
[TimeControl "180+1"]
[Date "2023.11.14"]
[WhiteClock "0:00:41"]
[BlackClock "0:00:00"]
[Board "75"]

1. c4 Nf6 2. Nc3 g6 3. e4 d6 4. d4 Bg7 5. Be2 O-O 6. Be3 e5 7. d5 Na6 8. g4 Nc5 9. Bf3 a5 10. h4 Ne8 11. g5 f5 12. gxf6 Qxf6 13. Qe2 c6 14. O-O-O Nc7 15. Kb1 Bd7 16. Bg4 Bxg4 17. Qxg4 cxd5 18. Nxd5 Nxd5 19. Rxd5 b5 20. cxb5 Rab8 21. Ne2 Rxb5 22. Nc3 Rb4 23. Rhd1 Rfb8 24. R1d2 a4 25. a3 Rb3 26. Bxc5 Rxc3 27. Bxd6 Rb7 28. Bxe5 1-0


[Site "https://www.chess.com"]

[Event "Titled Tuesday Blitz November 14 Early 2023"]
[White "Nagare Kaivalya Sandip"]
[Black "Erzhanov, Arman"]
[WhiteFideId "25957929"]
[BlackFideId "4138821"]
[WhiteElo "2647"]
[BlackElo "2508"]
[Result "1-0"]
[Round "11"]
[TimeControl "180+1"]
[Date "2023.11.14"]
[WhiteClock "0:00:07"]
[BlackClock "0:00:51"]
[Board "76"]

1. e4 c5 2. Nf3 Nc6 3. Nc3 Nf6 4. d4 cxd4 5. Nxd4 e5 6. Ndb5 h6 7. Nd5 Nxd5 8. exd5 a6 9. Nc3 Nd4 10. Ne4 d6 11. c3 Nf5 12. Bd3 Be7 13. O-O O-O 14. Qc2 Nh4 15. f4 f5 16. Ng3 e4 17. Be2 Bd7 18. Be3 Rc8 19. a4 Qa5 20. Rfd1 Bf6 21. Qb3 Qc7 22. a5 g5 23. Nh5 g4 24. Nxf6+ Rxf6 25. Rd4 Rg6 26. Rc4 Qb8 27. Rxc8+ Bxc8 28. c4 Qc7 29. c5 dxc5 30. d6+ Qf7 31. Qxf7+ Kxf7 32. Bxc5 Ke8 33. Kf1 Rf6 34. Rc1 Bd7 35. Bb4 Ng6 36. Rc7 Nxf4 37. Rxb7 Nxe2 38. Kxe2 f4 39. Bc5 e3 40. b4 Bb5+ 41. Rxb5 axb5 42. a6 Kd7 43. a7 Rf8 44. Ke1 Re8 45. Ke2 Kc6 46. h3 h5 47. h4 Rd8 48. g3 fxg3 49. Kxe3 Re8+ 50. Kf4 g2 51. Kg5 Kb7 52. Kf6 Rc8 53. d7 Rxc5 54. a8=Q+ Kxa8 55. d8=Q+ Kb7 56. Qd7+ Rc7 57. Qxb5+ Kc8 58. Qf5+ Kb7 59. Qb5+ Kc8 60. Qa6+ Kd8 61. Qa1 Rc2 62. Qg1 Rb2 63. Kg5 Rxb4 64. Kxh5 Re4 65. Qxg2 Re5+ 66. Kg6 Re7 67. h5 Ke8 68. h6 Re6+ 69. Kg5 Re7 70. Qa8+ Kf7 71. h7 Re5+ 72. Kf4 Re8 73. Qxe8+ Kxe8 74. h8=Q+ Kf7 75. Kxg4 Ke6 76. Qd4 Ke7 77. Kf5 Kf7 78. Qd7+ Kf8 79. Kf6 Kg8 80. Qg7# 1-0


[Site "https://www.chess.com"]

[Event "Titled Tuesday Blitz November 14 Early 2023"]
[White "Golubev, Mikhail"]
[Black "Grochal, Joey"]
[WhiteFideId "14100983"]
[BlackFideId "1019945"]
[WhiteElo "2641"]
[BlackElo "2491"]
[Result "0-1"]
[Round "11"]
[TimeControl "180+1"]
[Date "2023.11.14"]
[WhiteClock "0:00:00"]
[BlackClock "0:01:21"]
[Board "77"]

1. e4 e5 2. Nf3 Nc6 3. Bc4 Bc5 4. c3 Nf6 5. d4 exd4 6. cxd4 Bb4+ 7. Nbd2 d5 8. exd5 Nxd5 9. O-O O-O 10. a3 Be7 11. Re1 Bf6 12. Ne4 Bg4 13. Nxf6+ Nxf6 14. d5 Ne7 15. h3 Bxf3 16. Qxf3 Nexd5 17. Bg5 c6 18. Rad1 Qb6 19. b4 h6 20. Bh4 Rfe8 21. Rxe8+ Rxe8 22. b5 Qc5 23. Bxd5 Nxd5 24. bxc6 bxc6 25. Bg3 Qc4 26. Kh2 Qe4 27. Qxe4 Rxe4 28. Rc1 Re6 29. f3 Kf8 30. Bf2 a6 31. Rc4 Re2 32. Kg1 Ra2 33. Ra4 Ra1+ 34. Kh2 Ke8 35. Rxa6 Kd7 36. Bc5 Rc1 37. Ra7+ Ke6 38. Bg1 Rc3 39. a4 Ra3 40. a5 g5 41. a6 f5 42. Bf2 Ra2 43. Kg1 Ra1+ 44. Kh2 f4 45. Bg1 Ne3 46. Bxe3 fxe3 47. Ra8 e2 48. Re8+ Kd5 49. Rxe2 Rxa6 50. Re8 c5 51. Rg8 c4 52. Rd8+ Rd6 53. Ra8 c3 54. Kg3 c2 55. Ra1 Rc6 56. Rc1 Kd4 57. Kg4 Kd3 58. h4 gxh4 59. Kxh4 Kd2 60. Rxc2+ Kxc2 61. g4 Kd3 62. f4 Ke4 63. g5 hxg5+ 64. Kxg5 Rc1 0-1


[Site "https://www.chess.com"]

[Event "Titled Tuesday Blitz November 14 Early 2023"]
[White "Borgaonkar Akshay"]
[Black "Hajiyev, Kanan"]
[WhiteFideId "25639110"]
[BlackFideId "13404148"]
[WhiteElo "2627"]
[BlackElo "2486"]
[Result "0-1"]
[Round "11"]
[TimeControl "180+1"]
[Date "2023.11.14"]
[WhiteClock "0:00:00"]
[BlackClock "0:00:08"]
[Board "78"]

1. d4 d5 2. Bf4 c5 3. e3 cxd4 4. exd4 Nc6 5. Nf3 Nf6 6. c3 Bg4 7. Nbd2 e6 8. Bd3 Bd6 9. Bxd6 Qxd6 10. O-O O-O 11. Re1 Rab8 12. Qc2 Qc7 13. Ne5 Bh5 14. f4 Rfc8 15. Rac1 Bg6 16. Bxg6 hxg6 17. Qd3 b5 18. Ndf3 Ne4 19. Ng5 Nxe5 20. dxe5 Qc5+ 21. Qd4 Nxg5 22. fxg5 b4 23. Qxc5 Rxc5 24. cxb4 Rxc1 25. Rxc1 Rxb4 26. Rc8+ Kh7 27. Rc7 a5 28. b3 a4 29. Rxf7 axb3 30. axb3 Re4 31. h4 Rxe5 32. Kf2 Re4 33. g3 Rb4 34. Re7 Rb6 35. Re8 Rd6 36. Ke3 Rb6 37. Kf2 d4 38. g4 Rd6 39. Ke2 Rb6 40. Kf2 Rxb3 41. Rxe6 Rh3 42. Rd6 d3 43. Kg2 Re3 44. Kf2 Re2+ 45. Kg3 Rd2 46. h5 gxh5 47. gxh5 Rd1 48. Kg2 Rd2+ 49. Kh3 Rd1 50. Rd5 Rh1+ 51. Kg4 Rg1+ 52. Kf4 Rd1 53. Rd8 Rf1+ 54. Kg4 Rg1+ 55. Kf4 Rf1+ 56. Ke3 Re1+ 57. Kf3 Rf1+ 58. Kg2 Rf5 59. g6+ Kh6 60. Rxd3 Rxh5 61. Rd8 Kxg6 62. Kf3 Rg5 63. Kf4 Rb5 64. Rd6+ Kf7 65. Ra6 Rb4+ 66. Kf5 Rb5+ 67. Kg4 Kg8 68. Kh4 Kh7 69. Ra8 Rb4+ 70. Kg5 Rb5+ 71. Kf4 Kg6 72. Ra6+ Kh5 73. Ra8 Rb7 74. Kf5 Rf7+ 75. Ke4 g5 76. Ra1 g4 77. Rh1+ Kg5 78. Ke3 g3 79. Rh8 Kg4 80. Ke2 g2 81. Rh6 Kg3 82. Rg6+ Kh2 83. Rh6+ Kg1 84. Re6 Rf5 85. Ke1 Rh5 86. Re8 Kh1 0-1


[Site "https://www.chess.com"]

[Event "Titled Tuesday Blitz November 14 Early 2023"]
[White "Aash20"]
[Black "Pastar, Slaven"]
[BlackFideId "14402718"]
[WhiteElo "2484"]
[BlackElo "2621"]
[Result "1/2-1/2"]
[Round "11"]
[TimeControl "180+1"]
[Date "2023.11.14"]
[WhiteClock "0:00:23"]
[BlackClock "0:00:03"]
[Board "79"]

1. e4 b6 2. d4 Bb7 3. Nc3 e6 4. Nf3 Bb4 5. Bd3 Nf6 6. Qe2 d5 7. e5 Ne4 8. Bd2 Nxd2 9. Nxd2 c5 10. dxc5 bxc5 11. Bb5+ Bc6 12. Bxc6+ Nxc6 13. O-O Bxc3 14. bxc3 O-O 15. Kh1 Qa5 16. c4 d4 17. f4 g6 18. Ne4 Ne7 19. Rab1 Rab8 20. Rxb8 Rxb8 21. Qd3 Nf5 22. h3 Ne3 23. Rg1 Rb2 24. a3 Rxc2 25. Nf6+ Kg7 26. Qe4 Qd8 27. Qc6 d3 28. Qxc5 Nf5 29. Rd1 d2 30. Kh2 Rc1 31. Rxd2 Qxd2 32. Ne8+ Kh6 33. Qf8+ Kh5 34. Nf6+ Kh4 35. Nd5 g5 36. Qxf7 h5 37. Qf6 Rh1+ 38. Kxh1 Qe1+ 39. Kh2 Qg3+ 40. Kg1 exd5 41. Qxf5 Qe1+ 42. Kh2 Qg3+ 43. Kg1 Qe1+ 44. Kh2 Qg3+ 45. Kg1 1/2-1/2


[Site "https://www.chess.com"]

[Event "Titled Tuesday Blitz November 14 Early 2023"]
[White "Al-Tarboush, Ward"]
[Black "Yurasova, Daria"]
[WhiteFideId "7601450"]
[BlackFideId "34146919"]
[WhiteElo "2615"]
[BlackElo "2483"]
[Result "1-0"]
[Round "11"]
[TimeControl "180+1"]
[Date "2023.11.14"]
[WhiteClock "0:01:04"]
[BlackClock "0:00:10"]
[Board "80"]

1. e4 e5 2. Nf3 Nc6 3. Bb5 a6 4. Ba4 Nf6 5. O-O b5 6. Bb3 Bc5 7. c3 d6 8. a4 Bb7 9. d4 Bb6 10. Bg5 h6 11. Bxf6 Qxf6 12. axb5 axb5 13. Rxa8+ Bxa8 14. Bd5 O-O 15. Na3 b4 16. Nc4 bxc3 17. Nxb6 cxb6 18. bxc3 Qe7 19. Qa4 Qc7 20. Rb1 Na5 21. Bxa8 Rxa8 22. h3 Qxc3 23. dxe5 dxe5 24. Rd1 Qc4 25. Qd7 Qxe4 26. Qc7 Nc4 27. Re1 Qf4 28. Qc6 Rd8 29. g3 Qf6 30. Qb7 b5 31. Kg2 Rd3 32. Qa8+ Kh7 33. Qe4+ Qg6 34. Qe2 e4 35. Nh4 Qc6 36. Kh2 Rd2 37. Qg4 e3 38. Qf5+ g6 39. Qxf7+ Kh8 40. Nxg6+ Qxg6 41. Qxg6 Rxf2+ 42. Kg1 b4 43. Qe8+ Kh7 44. Qd7+ Kh8 45. Qc8+ Kh7 46. Qxc4 1-0


[Site "https://www.chess.com"]

[Event "Titled Tuesday Blitz November 14 Early 2023"]
[White "JuniorJumper"]
[Black "Devaev, Alexander"]
[BlackFideId "4169395"]
[WhiteElo "2579"]
[BlackElo "2481"]
[Result "0-1"]
[Round "11"]
[TimeControl "180+1"]
[Date "2023.11.14"]
[WhiteClock "0:00:03"]
[BlackClock "0:00:16"]
[Board "81"]

1. b3 d5 2. Bb2 c5 3. e3 a6 4. Nf3 Nc6 5. d4 Nf6 6. Be2 Bg4 7. O-O e6 8. Nbd2 cxd4 9. Nxd4 Bxe2 10. Qxe2 Be7 11. Nxc6 bxc6 12. e4 O-O 13. Rad1 Qa5 14. a3 Rfd8 15. b4 Qb5 16. c4 dxc4 17. Nxc4 c5 18. bxc5 Qxc5 19. Rc1 Qb5 20. Qf3 Qb7 21. Bxf6 Bxf6 22. Na5 Qb5 23. Nc6 Re8 24. Ne5 Qxe5 25. Rc4 h5 26. Rfc1 h4 27. g3 Rab8 28. Kg2 Qg5 29. Rc5 Qg6 30. e5 Be7 31. R5c4 Bg5 32. Rg4 Bxc1 33. Rxg6 fxg6 34. Qc6 Bxa3 35. Qxa6 hxg3 36. Qxa3 gxf2 37. Kxf2 Rb5 38. Qa4 Rf8+ 39. Kg3 Rxe5 40. Qd4 Rff5 41. Qd8+ Kh7 42. Qh4+ Rh5 43. Qf4 Reg5+ 44. Kf3 Rf5 45. h3 e5 46. Kg4 Rxf4+ 47. Kg3 Rhf5 48. h4 e4 49. h5 gxh5 50. Kg2 e3 51. Kg3 e2 52. Kg2 g5 53. Kh3 h4 54. Kg2 g4 55. Kh2 Rf3 56. Kg2 Rf2+ 57. Kg1 e1=Q# 0-1


[Site "https://www.chess.com"]

[Event "Titled Tuesday Blitz November 14 Early 2023"]
[White "Statham_l3"]
[Black "Ramla2020"]
[WhiteElo "2563"]
[BlackElo "2464"]
[Result "0-1"]
[Round "11"]
[TimeControl "180+1"]
[Date "2023.11.14"]
[WhiteClock "0:00:00"]
[BlackClock "0:01:31"]
[Board "82"]

1. e4 e5 2. Nf3 d6 3. Nc3 Nd7 4. d4 c6 5. Bc4 Be7 6. a4 Ngf6 7. O-O O-O 8. Re1 h6 9. h3 b6 10. b3 Bb7 11. Bb2 Qc7 12. d5 cxd5 13. Nb5 Qb8 14. Bxd5 Nxd5 15. exd5 a6 16. Na3 f5 17. c4 Bf6 18. Nc2 Nc5 19. Nb4 Qc7 20. Qc2 a5 21. Na2 Bc8 22. b4 axb4 23. Nxb4 Bd7 24. Nc6 Bxc6 25. dxc6 Qxc6 26. Rad1 Ne4 27. Nd2 Nxd2 28. Rxd2 e4 29. Bxf6 Rxf6 30. Red1 Rxa4 0-1


[Site "https://www.chess.com"]

[Event "Titled Tuesday Blitz November 14 Early 2023"]
[White "Begunov, Konstantin"]
[Black "LouieKov2022"]
[WhiteFideId "4118510"]
[WhiteElo "2455"]
[BlackElo "2558"]
[Result "1-0"]
[Round "11"]
[TimeControl "180+1"]
[Date "2023.11.14"]
[WhiteClock "0:00:23"]
[BlackClock "0:00:00"]
[Board "83"]

1. d4 d5 2. c4 c6 3. Nc3 dxc4 4. e4 b5 5. a4 b4 6. Na2 Nf6 7. e5 Nd5 8. Bxc4 e6 9. Nf3 Bb7 10. Bg5 Qb6 11. Nc1 a5 12. Nb3 Nd7 13. Rc1 h6 14. Bh4 Ba6 15. Qc2 Rc8 16. O-O Be7 17. Bxe7 Nxe7 18. Nfd2 O-O 19. Ne4 Nd5 20. Rfd1 Rc7 21. Rd3 f5 22. exf6 N7xf6 23. Nec5 Bxc4 24. Qxc4 Re7 25. Qa6 Qb8 26. Nxa5 Ng4 27. Rg3 Qf4 28. Nd3 Qf5 29. Nxc6 Rc7 30. Re1 Qh5 31. h3 Nxf2 32. Nxf2 Qh4 33. Ne4 Nf4 34. Ne5 Nh5 35. Qxe6+ Kh8 36. Ng6+ 1-0


[Site "https://www.chess.com"]

[Event "Titled Tuesday Blitz November 14 Early 2023"]
[White "Bilan, Danila"]
[Black "Estrada Nieto, Julian"]
[WhiteFideId "24161918"]
[BlackFideId "5101018"]
[WhiteElo "2547"]
[BlackElo "2441"]
[Result "1/2-1/2"]
[Round "11"]
[TimeControl "180+1"]
[Date "2023.11.14"]
[WhiteClock "0:00:11"]
[BlackClock "0:00:08"]
[Board "84"]

1. d4 d5 2. Nf3 Nf6 3. c4 dxc4 4. e3 e6 5. Bxc4 a6 6. O-O c5 7. Nc3 b5 8. Bb3 Bb7 9. Qe2 Nbd7 10. Rd1 Qb6 11. a4 b4 12. a5 Qc7 13. Nb1 Be7 14. Nbd2 O-O 15. Nc4 Bd5 16. Bd2 Qb7 17. Be1 cxd4 18. exd4 Rac8 19. Ncd2 h6 20. Bxd5 Nxd5 21. Rac1 Bf6 22. Ne4 Rc6 23. Nxf6+ N7xf6 24. Ne5 Rxc1 25. Rxc1 Rc8 26. Rxc8+ Qxc8 27. Qc4 Qxc4 28. Nxc4 Nd7 29. Kf1 Kf8 30. Ke2 Ke7 31. Kd3 f6 32. Ne3 Kd6 33. Nc4+ Kc6 34. Bd2 Kb5 35. Nd6+ Kxa5 36. Ne8 g5 37. Ng7 Nc7 38. Kc4 Nb6+ 39. Kc5 Na4+ 40. Kc6 Nb5 41. Nxe6 Nxb2 42. d5 Ka4 43. Nc5+ Ka3 44. Nxa6 Nd4+ 45. Kc5 Nb3+ 46. Kb6 Nxd2 47. d6 Nbc4+ 48. Kc5 Nxd6 49. Nxb4 N2e4+ 50. Kd5 Kxb4 51. Ke6 Nxf2 52. Kxd6 Ng4 53. h3 Ne3 54. g4 f5 55. gxf5 Nxf5+ 56. Ke5 Nh4 57. Kf6 Nf3 58. Kg6 Ng1 59. Kxh6 Nxh3 60. Kh5 Kc5 61. Kg4 Kd4 62. Kxh3 Ke5 63. Kg4 Kf6 64. Kg3 Kf5 65. Kf3 g4+ 66. Kg3 Kg5 67. Kg2 Kf4 68. Kf2 g3+ 69. Kg2 Kg4 70. Kg1 Kh3 71. Kh1 Kg4 72. Kg2 Kf4 73. Kg1 Kf3 74. Kf1 Kf4 75. Kg2 Kg4 76. Kg1 Kg5 77. Kg2 Kh4 78. Kg1 Kh5 79. Kg2 Kg4 1/2-1/2


[Site "https://www.chess.com"]

[Event "Titled Tuesday Blitz November 14 Early 2023"]
[White "Hoffmann, Asa"]
[Black "Lund, Gunnar"]
[WhiteFideId "2001470"]
[BlackFideId "1520814"]
[WhiteElo "2406"]
[BlackElo "2546"]
[Result "1-0"]
[Round "11"]
[TimeControl "180+1"]
[Date "2023.11.14"]
[WhiteClock "0:00:21"]
[BlackClock "0:00:37"]
[Board "85"]

1. d4 h6 2. e4 a6 3. Nc3 e6 4. Nf3 d6 5. Be3 Nc6 6. Qd2 Bd7 7. a3 e5 8. Bc4 Nf6 9. h3 Be7 10. O-O-O exd4 11. Nxd4 Nxd4 12. Bxd4 Be6 13. Bxe6 fxe6 14. f4 Qd7 15. g4 O-O-O 16. Qf2 Rhf8 17. f5 exf5 18. gxf5 g6 19. Bxf6 Bxf6 20. Nd5 Be5 21. Qa7 Qb5 22. c3 Kd7 23. Qf2 c6 24. Nb4 Kc7 25. Rhg1 g5 26. h4 Bf4+ 27. Kb1 Rde8 28. hxg5 hxg5 29. Qf3 Qc4 30. Rge1 Be5 31. Nd3 Bf6 32. Nf2 Re5 33. Ng4 Rb5 34. Nxf6 Rxf6 35. Qd3 Qxd3+ 36. Rxd3 Re5 37. Rde3 Rf8 38. Kc2 Kd7 39. Kd3 Rh8 40. Rg3 Rh2 41. Rxg5 Rxb2 42. Rg7+ Re7 43. Reg1 Ke8 44. f6 Rf7 45. Rg8+ Rf8 46. R1g7 Rxg8 47. f7+ 1-0


[Site "https://www.chess.com"]

[Event "Titled Tuesday Blitz November 14 Early 2023"]
[White "Iskusnyh, Sergei"]
[Black "Sharafiev, Azat"]
[WhiteFideId "4120027"]
[BlackFideId "4186214"]
[WhiteElo "2545"]
[BlackElo "2408"]
[Result "1-0"]
[Round "11"]
[TimeControl "180+1"]
[Date "2023.11.14"]
[WhiteClock "0:00:48"]
[BlackClock "0:00:33"]
[Board "86"]

1. d4 d5 2. c4 dxc4 3. e3 Nf6 4. Bxc4 e6 5. Nf3 c5 6. O-O a6 7. Nc3 Be7 8. dxc5 Bxc5 9. Qxd8+ Kxd8 10. Bd2 b5 11. Be2 Bb7 12. Rac1 Nbd7 13. Rfd1 Ke7 14. Be1 Rhd8 15. Nd2 Rac8 16. Nb3 Bd6 17. f3 Ne5 18. Na5 Ba8 19. e4 Ned7 20. Bf2 Bc5 21. a3 Bb6 22. Bxb6 Nxb6 23. Kf2 Nfd7 24. b4 Ne5 25. Rxd8 Rxd8 26. Ke3 Rc8 27. Na2 Rxc1 28. Nxc1 f6 29. Ncb3 Na4 30. Nd4 g5 31. Bd1 Nc3 32. Bb3 Nb1 33. Nxe6 Nxa3 34. Nc5 Nc6 35. Nxc6+ Bxc6 36. Nxa6 Kd6 37. Nc5 h5 38. g3 Nc4+ 39. Bxc4 bxc4 40. Kd4 Bb5 41. f4 gxf4 42. gxf4 h4 43. Nb7+ Kc6 44. Na5+ Kd7 45. Nxc4 Ke6 46. Ne3 Be2 47. Nf5 h3 48. Ne3 Kd6 49. Nc4+ Kc6 50. Ne3 Kb5 51. Nd5 f5 52. exf5 Bh5 53. f6 Bf7 54. Ke5 Kc6 55. Nc3 Kc7 56. Ne4 Kc6 57. Nd6 Bh5 58. f7 1-0


[Site "https://www.chess.com"]

[Event "Titled Tuesday Blitz November 14 Early 2023"]
[White "Degtiarev, Evgeny"]
[Black "Ben Artzi, Ido"]
[WhiteFideId "4149610"]
[BlackFideId "2810913"]
[WhiteElo "2381"]
[BlackElo "2542"]
[Result "0-1"]
[Round "11"]
[TimeControl "180+1"]
[Date "2023.11.14"]
[WhiteClock "0:00:19"]
[BlackClock "0:01:55"]
[Board "87"]

1. d4 Nf6 2. c4 c5 3. d5 b5 4. Nd2 g6 5. e4 d6 6. b4 cxb4 7. cxb5 Bg7 8. Bb2 O-O 9. Ngf3 a6 10. a4 a5 11. Bc4 Nbd7 12. O-O Nc5 13. Qe2 e6 14. dxe6 fxe6 15. e5 Nh5 16. Qe3 Bb7 17. Rad1 Rc8 18. Bd4 Nxa4 19. Bxe6+ Kh8 20. Bxc8 Qxc8 21. exd6 Nc3 22. Rc1 Nf4 23. Bxg7+ Kxg7 24. Qe5+ Kg8 25. Kh1 Qg4 26. Qg5 Qxg5 27. Nxg5 Bxg2+ 28. Kg1 Nce2# 0-1


[Site "https://www.chess.com"]

[Event "Titled Tuesday Blitz November 14 Early 2023"]
[White "TomLiu777"]
[Black "Zaksaite, Salomeja"]
[BlackFideId "12801496"]
[WhiteElo "2537"]
[BlackElo "2365"]
[Result "0-1"]
[Round "11"]
[TimeControl "180+1"]
[Date "2023.11.14"]
[WhiteClock "0:01:15"]
[BlackClock "0:00:17"]
[Board "88"]

1. d4 Nf6 2. Nf3 g6 3. g3 Bg7 4. c4 d6 5. Bg2 O-O 6. O-O Nc6 7. b3 e5 8. dxe5 Nxe5 9. Nxe5 dxe5 10. Bb2 Qxd1 11. Rxd1 Re8 12. Nc3 c6 13. Ne4 Nxe4 14. Bxe4 Be6 15. Bg2 Rad8 16. Kf1 f5 17. Ke1 Kf7 18. Rxd8 Rxd8 19. Rd1 Rxd1+ 20. Kxd1 e4 21. Bxg7 Kxg7 22. e3 Kf6 23. Bf1 c5 24. Be2 Ke5 25. Kd2 g5 26. Kc3 f4 27. b4 b6 28. a4 a5 29. bxa5 bxa5 30. Bf1 h5 31. Be2 Bf7 32. Kd2 Be8 33. Bd1 h4 34. g4 f3 35. h3 Bd7 36. Ke1 Bxg4 37. Be2 fxe2 38. f4+ exf3 39. hxg4 h3 40. e4 h2 41. Kf2 e1=Q+ 42. Kxf3 h1=Q# 0-1


[Site "https://www.chess.com"]

[Event "Titled Tuesday Blitz November 14 Early 2023"]
[White "Lebedev, Artem S."]
[Black "Manukian, Artak"]
[WhiteFideId "34272747"]
[BlackFideId "13301373"]
[WhiteElo "2362"]
[BlackElo "2530"]
[Result "0-1"]
[Round "11"]
[TimeControl "180+1"]
[Date "2023.11.14"]
[WhiteClock "0:00:00"]
[BlackClock "0:00:43"]
[Board "89"]

1. e4 c6 2. d4 d5 3. e5 Bf5 4. h4 h5 5. Bd3 Bxd3 6. Qxd3 e6 7. Bg5 Qa5+ 8. Nd2 Qa6 9. c4 Bb4 10. b3 Nd7 11. Nf3 Nh6 12. O-O Bxd2 13. Bxd2 Nf5 14. Bb4 O-O-O 15. a4 dxc4 16. bxc4 c5 17. dxc5 Nxe5 18. Qe4 Nxf3+ 19. Qxf3 Qxc4 20. Rfc1 Qd4 21. c6 Qd5 22. Qf4 bxc6 23. Rab1 Nd4 24. Qxf7 Rd7 25. Qg6 Ne2+ 26. Kh1 Nxc1 27. Rxc1 Kb7 28. Bc5 Qf5 29. Qg3 Rhd8 30. Kh2 e5 31. Qb3+ Ka8 32. Be3 Rb7 33. Qc3 Rc8 34. f3 e4 35. f4 Qg4 36. Qc5 Qxh4+ 37. Kg1 Qe7 38. Qc4 Qd7 39. Qc5 Rd8 40. Kh2 Qd6 41. Qc3 g5 42. Qa5 gxf4 43. Bc5 Qc7 44. Qc3 f3+ 45. g3 h4 46. Bf2 hxg3+ 47. Bxg3 Qh7+ 48. Kg1 Qh3 0-1


[Site "https://www.chess.com"]

[Event "Titled Tuesday Blitz November 14 Early 2023"]
[White "Quirke, Jeffrey"]
[Black "vishwa_vijeta"]
[WhiteFideId "2013029"]
[WhiteElo "2291"]
[BlackElo "2524"]
[Result "0-1"]
[Round "11"]
[TimeControl "180+1"]
[Date "2023.11.14"]
[WhiteClock "0:01:02"]
[BlackClock "0:02:17"]
[Board "90"]

1. e4 c5 2. c3 d5 3. exd5 Qxd5 4. d4 Nc6 5. Nf3 Bf5 6. Be3 Nf6 7. Bb5 cxd4 8. c4 Qe4 9. Nbd2 Qg4 10. Nxd4 Qxg2 11. Nxf5 Qxh1+ 12. Nf1 e6 13. Nd4 Bb4+ 14. Ke2 O-O 15. Bxc6 bxc6 16. Qa4 Bc5 17. Ng3 Qxa1 0-1


[Site "https://www.chess.com"]

[Event "Titled Tuesday Blitz November 14 Early 2023"]
[White "Tifferet, Shaked"]
[Black "Witty_Alien"]
[WhiteFideId "2811529"]
[WhiteElo "2523"]
[BlackElo "2296"]
[Result "1-0"]
[Round "11"]
[TimeControl "180+1"]
[Date "2023.11.14"]
[WhiteClock "0:00:02"]
[BlackClock "0:00:00"]
[Board "91"]

1. e4 c5 2. Nf3 d6 3. Nc3 Nf6 4. e5 dxe5 5. Nxe5 Nbd7 6. d4 Nxe5 7. dxe5 Qxd1+ 8. Nxd1 Nd7 9. f4 b6 10. a4 Bb7 11. Nc3 g5 12. a5 gxf4 13. Bxf4 Rg8 14. Kf2 Rg4 15. Bg3 Bh6 16. Bb5 O-O-O 17. Rhd1 Rd4 18. a6 Ba8 19. Be2 Bf4 20. Nb5 Bxg3+ 21. hxg3 Nxe5 22. Nxa7+ Kb8 23. Nb5 Rxd1 24. Bxd1 Rd2+ 25. Be2 f5 26. Ke3 Rxc2 27. Rh1 Ng4+ 28. Bxg4 fxg4 29. Rxh7 Kc8 30. Rh8+ Kd7 31. Rxa8 Rxb2 32. a7 Rxb5 33. Rd8+ Kxd8 34. a8=Q+ Kc7 35. Qa7+ Kc6 36. Qa4 e5 37. Ke4 c4 38. Qxc4+ Rc5 39. Qe6+ Kb5 40. Qd7+ Kb4 41. Qd8 b5 42. Ke3 Rc3+ 43. Ke4 Rc5 44. Qd6 Kc4 45. Qd3+ Kb4 46. Qe2 Ka4 47. Kd3 b4 48. Qa2+ Kb5 49. Qa8 Rc3+ 50. Ke4 b3 51. Qb8+ Ka4 52. Qxe5 Kb4 53. Qd6+ 1-0


[Site "https://www.chess.com"]

[Event "Titled Tuesday Blitz November 14 Early 2023"]
[White "Reprintsev, Alexander"]
[Black "Cheer_Down"]
[WhiteFideId "14100541"]
[WhiteElo "2536"]
[BlackElo "2399"]
[Result "0-1"]
[Round "11"]
[TimeControl "180+1"]
[Date "2023.11.14"]
[WhiteClock "0:01:21"]
[BlackClock "0:01:45"]
[Board "92"]

1. e4 e5 2. Nf3 Nc6 3. Bc4 Nf6 4. Ng5 d5 5. exd5 Na5 6. Bb5+ c6 7. dxc6 bxc6 8. Bd3 Ng4 9. Nh3 f5 10. O-O Bd6 11. b4 Nb7 12. f3 Nf6 13. Bb2 O-O 14. Re1 e4 15. fxe4 fxe4 16. Bc4+ Kh8 17. Ng5 Ng4 18. h4 Qb6+ 19. Re3 Nxe3 20. dxe3 Qxe3+ 21. Kh1 Qg3 0-1


[Site "https://www.chess.com"]

[Event "Titled Tuesday Blitz November 14 Early 2023"]
[White "HeroRubiksCube"]
[Black "Melikhov, Evgeny V."]
[BlackFideId "4122046"]
[WhiteElo "2502"]
[BlackElo "2387"]
[Result "1-0"]
[Round "11"]
[TimeControl "180+1"]
[Date "2023.11.14"]
[WhiteClock "0:01:56"]
[BlackClock "0:01:46"]
[Board "93"]

1. e4 e5 2. Nf3 Nc6 3. Bc4 Nf6 4. d3 Be7 5. O-O O-O 6. c3 d6 7. Bb3 Na5 8. Bc2 c5 9. Nbd2 a6 10. Re1 b5 11. Nf1 Bb7 12. Ng3 Re8 13. Nf5 Bf8 14. Bg5 h6 15. Bh4 g5 16. Nxg5 hxg5 17. Bxg5 Re6 18. Qf3 Bg7 19. Qg3 Kf8 20. b4 cxb4 21. cxb4 Nc6 22. Bb3 Nh5 23. Qh4 Bf6 24. Qxh5 Bxg5 25. Qh8# 1-0


[Site "https://www.chess.com"]